 Dungeon Crawl Stone Soup version 0.24.0-5-g267a8d59f4 (webtiles) character file.

Game seed: 14393506476071066830, levelgen mode: deterministic

1848 wullow the Sneak (level 9, -1/82 HPs)
             Began as a Naga Wanderer on Nov 1, 2019.
             Was a Follower of Cheibriados.
             Slain by an ogre
             ... wielding a +0 giant spiked club
              (18 damage)
             ... on level 5 of the Dungeon.
             The game lasted 00:20:33 (4867 turns).

wullow the Sneak (Naga Wanderer)                    Turns: 4867, Time: 00:20:34

Health: -1/82      AC:  8    Str: 28    XL:     9   Next: 12%
Magic:  11/11      EV:  9    Int: 16    God:    Cheibriados [*.....]
Gold:   196        SH:  0    Dex: 13    Spells: 8/8 levels left

rFire    . . .     SeeInvis +   b - +0 war axe
rCold    . . .     Gourm    .   (no shield)
rNeg     . . .     Faith    .   d - +0 leather armour "Trusted Companion" {MR+ Str+7} (curse)
rPois    +         Spirit   .   D - +1 hat
rElec    .         Reflect  .   s - +0 cloak
rCorr    .         Harm     .   p - +0 pair of gloves
MR       ++...                  (no barding)
Stlth    +++.......             (no amulet)
HPRegen  0.23/turn              r - ring of wizardry
MPRegen  0.12/turn              (no ring)

@: very slow
A: large, see invisible, deformed body, poison resistance, slowness 2, slow
metabolism 1, spit poison 1, AC +3
a: Spit Poison, Bend Time, Renounce Religion


You were on level 5 of the Dungeon.
You worshipped Cheibriados.
Cheibriados was aware of your devotion.
You were not hungry.

You visited 2 branches of the dungeon, and saw 7 of its levels.

You collected 196 gold pieces.

Inventory:

Hand Weapons
 a - a +2 shortbow
 b - a +0 war axe (weapon)
 i - a +0 short sword
 k - a +0 dagger
 v - a +2 whip of flaming
 x - a +3 flail
 A - a cursed +0 whip
Missiles
 e - 38 poisoned darts (quivered)
 g - 106 stones
 l - 37 bolts
 z - 2 atropa-tipped darts
 B - 66 arrows
Armour
 d - the cursed +0 leather armour "Trusted Companion" (worn) {MR+ Str+7}
   (You found it on level 4 of the Dungeon)

   It affects your strength (+7).
   It affects your resistance to hostile enchantments.
   It has a curse placed upon it.
 o - a +0 ring mail of poison resistance
 p - a +0 pair of gloves (worn)
 s - a +0 cloak (worn)
 D - a +1 hat (worn)
Jewellery
 r - a ring of wizardry (left hand)
 C - an uncursed amulet of the acrobat
Wands
 F - a wand of iceblast (10)
Scrolls
 h - 2 scrolls of teleportation
 j - a scroll of fog {unknown}
 q - a scroll of enchant weapon {unknown}
 t - a scroll of remove curse
 u - a scroll of immolation {unknown}
 w - a scroll of fear {unknown}
 y - a scroll of magic mapping {unknown}
Potions
 c - 3 potions of curing
 m - a potion of resistance
 n - a potion of ambrosia
Comestibles
 f - 10 rations


   Skills:
 + Level 6.1 Fighting
 * Level 3.7 Axes
 + Level 5.8 Bows
 + Level 4.2 Armour
 + Level 7.4 Stealth
   Level 1.0 Shields
 + Level 3.6 Invocations


You had 8 spell levels left.
You didn't know any spells.
Your spell library was empty.

Dungeon Overview and Level Annotations

Branches:
Dungeon (6/15)             Temple (1/1) D:4

Altars:
Ashenzari
Cheibriados
Dithmenos
Elyvilon
Fedhas
Gozag
Hepliaklqana
Makhleb
Nemelex Xobeh
Okawaru
Qazlal
Ru
Sif Muna
Trog
Vehumet
Wu Jian
Xom
Yredelemnul
Zin
The Shining One

Annotations:
D:1 exclusion: downstairs
D:3 Ijyb
D:5 3 runed translucent doors, exclusion: 3 doors, TheWoodenMan's ghost, novice MiGl


Innate Abilities, Weirdness & Mutations

You cannot wear boots.
Your serpentine skin is tough. (AC +3)
You have supernaturally acute eyesight. (SInv)
Armour fits poorly on your strangely shaped body.
Your system is resistant to poisons. (rPois)
You cover ground very slowly.
You have a slow metabolism.
You can spit poison.


Message History

A mysterious force pulls you upwards. The hatch slams shut behind you.
Level annotation: 3 runed translucent doors, exclusion: 3 doors, TheWoodenMan's ghost, novice MiGl
b - a +0 war axe (weapon)
The ogre hits you with a +0 giant spiked club!!
* * * LOW HITPOINT WARNING * * *
You feel much better.
You slash the ogre!
The ogre is almost dead.
The ogre barely misses you.
You barely miss the ogre.
The ogre is almost dead.
The ogre closely misses you.
You barely miss the ogre.
The ogre is severely wounded.
The ogre hits you with a +0 giant spiked club!
* * * LOW HITPOINT WARNING * * *
You hit the ogre.
The ogre is almost dead.
The ogre hits you with a +0 giant spiked club!!
You die...

.......# #......####
..#.######.........#
..)..........>#....#
..#.#######.#.#....#
'##'#######.#.######
.#....#.....#.#
.#....#....##.####
.#....'.........O#
.#....#....#....@#
.#....#.####.....#
.#....#.# #.....#
.######.# ####### .#
#.# .# ####'###
.###......#######
>..'..=.........#
...#............#


You could see an ogre.

Vanquished Creatures
  Pikel (D:4)
  Duvessa (D:5)
  An ice beast (D:5)
  2 sky beasts (D:4)
  An ogre (D:5)
  2 phantoms
  2 centaurs
  Dowan (D:5)
  A scorpion (D:4)
  A crimson imp (D:5)
  2 orc priests
  2 hounds
  4 orc wizards
  2 iguanas
  2 worker ants (D:6)
  Terence (D:2)
  A hound skeleton (D:4)
  9 adders
  A shadow imp (D:5)
  3 worms
  7 dart slugs
  4 leopard geckos
  12 orcs
  7 giant cockroaches
  8 goblins
  4 hobgoblins
  3 jackals
  A quokka (D:2)
  A ball python (D:5)
  A bat (D:1)
  4 frilled lizards
  A giant cockroach zombie (D:5)
  5 kobolds
  A leopard gecko skeleton (D:5)
  7 rats
106 creatures vanquished.

Vanquished Creatures (others)
  4 slaves (D:5)
  An adder (D:5)
  A giant cockroach (D:5)
6 creatures vanquished.

Grand Total: 112 creatures vanquished

Notes
Turn   | Place    | Note
-------+----------+-------------------------------------------
     0 | D:1      | wullow the Naga Wanderer began the quest for the Orb.
     0 | D:1      | wullow set off with the following items: a +2 shortbow, 21
                  | arrows, a potion of curing, a +0 ring mail, a ration
     0 | D:1      | Reached XP level 1. HP: 22/22 MP: 1/1
   185 | D:1      | Reached skill level 2 in Stealth
   185 | D:1      | Reached XP level 2. HP: 29/30 MP: 2/2
   438 | D:1      | Reached XP level 3. HP: 36/36 MP: 3/3
   800 | D:2      | Noticed Terence
   841 | D:2      | Killed Terence
   873 | D:2      | Reached XP level 4. HP: 42/45 MP: 4/4
   932 | D:2      | Reached skill level 3 in Stealth
  1171 | D:2      | Reached XP level 5. HP: 51/51 MP: 5/5
  1451 | D:2      | Found a shadowy altar of Dithmenos.
  1529 | D:3      | Noticed Ijyb
  1644 | D:3      | You fall into a shaft and drop 1 floor!
  1751 | D:4      | Noticed a centaur
  1767 | D:4      | Killed a centaur
  1767 | D:4      | Reached skill level 4 in Stealth
  1767 | D:4      | Reached XP level 6. HP: 10/60 MP: 6/6
  2197 | D:4      | Found an opulent altar of Gozag.
  2215 | D:4      | Reached skill level 5 in Fighting
  2260 | D:4      | Found a sparkling altar of Nemelex Xobeh.
  2261 | D:4      | Found a white marble altar of Elyvilon.
  2263 | D:4      | Found a snail-covered altar of Cheibriados.
  2263 | D:4      | Found a stormy altar of Qazlal.
  2271 | D:4      | Became a worshipper of Cheibriados the Contemplative
  2305 | D:4      | Reached skill level 5 in Stealth
  2305 | D:4      | Reached XP level 7. HP: 67/67 MP: 7/7
  2623 | D:4      | Got an ancient leather armour
  2634 | D:4      | Identified the cursed +0 leather armour "Trusted Companion"
                  | {MR+ Str+7} (You found it on level 4 of the Dungeon)
  2717 | D:4      | Found a staircase to the Ecumenical Temple.
  2726 | Temple   | Entered the Ecumenical Temple
  2945 | D:4      | Reached skill level 1 in Invocations
  3167 | D:5      | Entered Level 5 of the Dungeon
  3190 | D:4      | Reached skill level 5 in Bows
  3376 | D:5      | Found a runed translucent gate.
  3376 | D:5      | Found a runed translucent gate.
  3376 | D:5      | Found a runed translucent gate.
  3378 | D:5      | Found a shattered altar of Ashenzari.
  3416 | D:5      | Reached skill level 1 in Axes
  3416 | D:5      | Reached skill level 6 in Stealth
  3416 | D:5      | Reached XP level 8. HP: 45/75 MP: 9/9
  3569 | D:5      | Noticed Duvessa
  3569 | D:5      | Noticed Dowan
  3575 | D:5      | Reached * piety under Cheibriados
  3698 | D:5      | Noticed Pikel
  3730 | D:4      | Killed Pikel
  4178 | D:5      | Reached skill level 7 in Stealth
  4570 | D:5      | Reached XP level 9. HP: 77/82 MP: 11/11
  4632 | D:5      | Killed Duvessa
  4636 | D:5      | Killed Dowan
  4767 | D:5      | Noticed TheWoodenMan's ghost (novice MiGl)
  4867 | D:5      | Slain by an ogre

Levels and vault maps discovered:
D:1:      scummos_arrival_gate, layout_loops_cross
D:2:      layout_basic, marbit_many_paths, uniq_terence
D:3:      layout_loops_ring, dancing_weapons_uskayaw, uniq_grinder, uniq_ijyb
D:4:      layout_basic, nicolae_gozag_seed_capital, grunt_temple_overflow_open,
          minmay_temple_entry_nine_rooms, first_ration
D:5:      layout_basic, ashenzari_altar_1, gammafunk_ghost_split, uniq_pikel,
          uniq_duvessa
D:6:      layout_loops_ring, kiku_gazebo_garden_becter
Temple:   nicolae_temple_figure_eight

Skill      XL: |  1  2  3  4  5  6  7  8 |
---------------+-------------------------+-----
Bows           | 2 3 4 5 |  5.8
Stealth        | 2 3 4 5 6 7 |  7.4
Armour         | 2 3 4 |  4.2
Fighting       | 5 6 |  6.1
Invocations    | 2 3 |  3.6
Axes           | 1 3 |  3.7
Shields        | |  1.0

Action                   |  1- 3 |  4- 6 |  7- 9 || total
-------------------------+-------+-------+-------++-------
Melee: Dagger            |     8 |       |       ||     8
       Short sword       |     6 |    62 |       ||    68
       Flail             |       |     8 |     4 ||    12
       War axe           |       |       |    61 ||    61
 Fire: Shortbow          |    49 |   122 |   137 ||   308
Throw: Dart              |    10 |       |       ||    10
Invok: Bend Time         |       |       |     1 ||     1
 Abil: Spit Poison       |     1 |    10 |     4 ||    15
  Use: Potion            |       |     3 |     2 ||     5
       Scroll            |       |     3 |     3 ||     6
  Eat: Chunk             |       |     4 |     2 ||     6
       Ration            |       |       |     1 ||     1
Armor: Ring mail         |    12 |    51 |     6 ||    69
       Leather armour    |       |       |    60 ||    60
Dodge: Dodged            |     8 |    57 |    56 ||   121
